 Dungeon Crawl Stone Soup version 0.32-a0-630-g46d191b0ed (webtiles) character file.

Game seed: 8233777488809544484

1173 Dittersdorf the Shield-Bearer (level 8, -1/51 HPs)
             Began as a Gargoyle Fighter on Mar 6, 2024.
             Was an Initiate of Gozag.
             Splashed by a jelly's acid (4 damage)
             ... on level 5 of the Dungeon.
             The game lasted 00:08:40 (5805 turns).

Dittersdorf the Shield-Bearer (Gargoyle Fighter)    Turns: 5805, Time: 00:08:41

Health: -1/51      AC:  2    Str: 22    XL:     8   Next: 41%
Magic:  0/8        EV:  9    Int:  9    God:    Gozag
Gold:   267        SH:  5    Dex:  9    Spells: 7/7 levels left

rFire   . . .        a - +0 flail
rCold   . . .        c - +0 buckler
rNeg    + . .        b - +0 scale mail
rPois   ∞            s - +0 helmet
rElec   +            (no cloak)
rCorr   .            (no gloves)
SInv    .            (no boots)
Will    .....        r - amulet of guardian spirit Stlth
                     p - ring of wizardry
HPRegen 0.28/turn    (no ring)
MPRegen 0.11/turn

%: guardian spirit, wizardry (x1)
@: corroded
A: sickness immunity, AC +5, negative energy resistance 1, electricity
resistance, torment resistance 1, petrification resistance
a: Renounce Religion, Potion Petition, Call Merchant, Bribe Branch


You were on level 5 of the Dungeon.
You worshipped Gozag.
Gozag was aware of your devotion.
You visited 2 branches of the dungeon, and saw 6 of its levels.
You also visited: Sewer.

You collected 373 gold pieces.
You paid 106 gold pieces to Gozag.

Inventory:

Hand Weapons
 a - a +0 flail (weapon)
Armour
 b - a +0 scale mail (worn)
 c - a +0 buckler (worn)
 s - a +0 helmet (worn)
Jewellery
 p - a ring of wizardry (left hand)
 r - an amulet of guardian spirit (around neck)
Scrolls
 i - 3 scrolls of revelation
 o - a scroll of identify
Potions
 d - 4 potions of might
 e - 2 potions of berserk rage
 f - 2 potions of magic {unknown}
 g - a potion of heal wounds {unknown}
 h - a potion of cancellation {unknown}
 j - a potion of lignification {unknown}
 k - a potion of invisibility {unknown}
 l - 3 potions of ambrosia
 m - a potion of haste
 n - 2 potions of curing


   Skills:
 + Level 6.2 Fighting
 + Level 5.2 Maces & Flails
 + Level 6.2 Armour
 + Level 6.2 Shields


You had 7 spell levels left.
You didn't know any spells.
Your spell library contained the following spells:

 Spells                   Type           Power      Damage    Failure   Level
 Necrotise                Necr           0%         1d4       41%         1
 Vampiric Draining        Necr           0%         2d6       77%         3
 Martyr's Knell           Necr/Summ      0%         N/A       98%         4
 Curse of Agony           Necr           0%         N/A       100%        5


Dungeon Overview and Level Annotations

Branches:
Dungeon (5/15)             Temple (1/1) D:5           Sewer (visited)

Altars:
Ashenzari
Cheibriados
Dithmenos
Elyvilon
Gozag
Hepliaklqana
Kikubaaqudgha
Makhleb
Okawaru
Ru
Vehumet
Wu Jian
Xom
Yredelemnul
Zin
Lugonu

Shops:
D:3 [   D:4 [

Portals:
Abyss: D:4


Innate Abilities, Weirdness & Mutations

You are immune to sickness and miasma.
Your stone body is resilient. (AC +5)
You are immune to poison.
You resist negative energy. (rN+)
You are resistant to electric shocks. (rElec)
You are resistant to unholy torment.
You are immune to petrification.


Message History

The jelly is moderately wounded.
The jelly hits you but does no damage. You block the jelly's attack.
You are too injured to fight recklessly!
You are too injured to fight recklessly!
You are too injured to fight recklessly!
You are too injured to fight recklessly!
You are too injured to fight recklessly!
You are too injured to fight recklessly!
You are too injured to fight recklessly!
You are too injured to fight recklessly!
You are too injured to fight recklessly!
You are too injured to fight recklessly!
You are too injured to fight recklessly!
You are too injured to fight recklessly!
You are too injured to fight recklessly!
You are too injured to fight recklessly!
You are too injured to fight recklessly!
You are too injured to fight recklessly!
You are too injured to fight recklessly!
You hit the jelly but do no damage.
Your hands burn!
The jelly is moderately wounded.
The jelly hits you.
You are splashed with acid!
You hit the jelly.
Your hands burn!
* * * LOW HITPOINT WARNING * * *
The jelly is moderately wounded.
You block the jelly's attack.
You thump the jelly!
Your hands burn!
* * * LOW HITPOINT WARNING * * *
The jelly is almost dead.
The jelly hits you.
* * * LOW HITPOINT WARNING * * *
You are splashed with acid!
* * * LOW HITPOINT WARNING * * *
You hit the jelly but do no damage. The acid corrodes you!
Your hands burn!
* * * LOW HITPOINT WARNING * * *
The jelly is almost dead.
The jelly barely misses you.
You hit the jelly but do no damage.
Your hands burn!
You die...
Your body crumbles into a pile of gold.

###.####* #.##.....#.#
.......,# ###.####.###.#
≈~~~≈#*.# #........# #.#
~~~~~##.###.#.###### #.#
.....~≈.......#* #.#
.....~≈.#*#....* #.#
.....~~.###....#######.#
..~..≈~~##.............#
.....≈~.##......@#.#####
~~.~~##.##.....J.#.#
~~.~~##.#......###.#****
.~....).#......###.#,,,*
##.######...........,,,*
#.............#**#.#,,,*
#.#######.....# *♣.P,,**
#.# ###..∩..# *,,,,,*
#.# #.......# *,,**,*


You could see a jelly.

Vanquished Creatures
  Grinder (D:4)
  An ogre (D:3)
  A crocodile (Sewer)
  3 phantoms (D:5)
  A brain worm (Sewer)
  2 scorpions (D:5)
  A hound (D:5)
  A bombardier beetle (D:4)
  An orc priest (D:4)
  4 orc wizards
  Robin (D:3)
  An adder (D:5)
  A river rat (D:5)
  4 shadow imps (D:5)
  2 white imps (D:5)
  5 ufetubi (D:5)
  A dart slug (D:2)
  16 orcs
  7 endoplasms
  5 giant cockroaches
  17 goblins
  12 hobgoblins
  6 jackals
  7 quokkas
  11 ball pythons
  5 bats (Sewer)
  3 frilled lizards
  5 kobolds
  9 rats
134 creatures vanquished.

Vanquished Creatures (others)
  A lurking horror (D:4)
1 creature vanquished.

Grand Total: 135 creatures vanquished

Notes
Turn   | Place    | Note
-------+----------+-------------------------------------------
     0 | D:1      | Dittersdorf the Gargoyle Fighter began the quest for the
                  | Orb.
     0 | D:1      | Reached XP level 1. HP: 14/14 MP: 1/1
   107 | D:1      | Reached XP level 2. HP: 18/19 MP: 2/2
   237 | D:1      | Found a faded altar of an unknown god.
   278 | D:1      | Reached XP level 3. HP: 3/23 MP: 3/3
  1191 | D:2      | Found a snail-covered altar of Cheibriados.
  1225 | D:2      | Found the -2 hat of the Alchemist {rElec rPois rF+ rC+ rN+
                  | Will+ rMut rCorr}
  1394 | D:2      | Identified the +1 robe of the Trees {Rampage rN++ rCorr
                  | Slay-6}
  1687 | D:3      | Found Ziom's Armour Shop.
  1698 | D:3      | Reached XP level 4. HP: 29/29 MP: 4/4
  2075 | D:3      | Reached XP level 5. HP: 6/33 MP: 5/5
  2563 | D:4      | Noticed Robin
  2632 | D:3      | Killed Robin
  2843 | D:4      | Noticed Grinder
  2847 | D:4      | Paralysed by Grinder for 4 turns
  2875 | D:4      | Paralysed by Grinder for 2 turns
  3000 | D:4      | Paralysed by Grinder for 5 turns
  3011 | D:4      | Paralysed by Grinder for 4 turns
  3020 | D:4      | Killed Grinder
  3021 | D:4      | Reached XP level 6. HP: 29/40 MP: 6/6
  3376 | D:4      | Reached skill level 5 in Armour
  3376 | D:4      | Reached skill level 5 in Shields
  3591 | D:3      | Reached skill level 5 in Fighting
  3591 | D:3      | Reached XP level 7. HP: 10/44 MP: 1/7
  4111 | D:4      | HP: 2/44 [orc priest/divine providence (12)]
  4271 | D:4      | Found a corrupted altar of Lugonu.
  4283 | D:4      | Found a one-way gate to the infinite horrors of the Abyss.
  4335 | D:4      | Found Yxta's Antique Armour Shop.
  4778 | D:5      | Entered Level 5 of the Dungeon
  4824 | D:5      | Found an iron altar of Okawaru.
  4831 | D:5      | Found a sacrificial altar of Ru.
  4905 | D:5      | Found a glowing drain.
  4963 | Sewer    | Entered a sewer
  5071 | Sewer    | Reached XP level 8. HP: 24/51 MP: 3/8
  5248 | D:5      | Reached skill level 5 in Maces & Flails
  5322 | D:5      | Found a staircase to the Ecumenical Temple.
  5344 | Temple   | Entered the Ecumenical Temple
  5372 | Temple   | Became a worshipper of Gozag Ym Sagoz the Greedy
  5713 | D:5      | Identified the +3 dagger "Nefea" {venom, rPois Str+2}
  5804 | D:5      | HP: 2/51 [acid (4)]
  5805 | D:5      | Splashed by a jelly's acid

Illustrated notes

Levels and vault maps discovered:
D:1:      wander_arrival_estate, layout_loops_ring,
          ebering_ecumenical_altar_box, minmay_stone_trees_small,
          hangedman_decor_clover_reticule
D:2:      layout_rooms, basic_altar, nicolae_kite_square_tiling_tiny,
          chequers_serial_rivers_marsh
D:3:      layout_basic, serial_shops, shop, minmay_crystal_room,
          minmay_misc_feat_plants
D:4:      layout_layer_cave, serial_shops, nicolae_shop_statue_plus,
          amcnicky_altar_lugonu_corruption, uniq_robin, uniq_grinder
D:5:      layout_loops_ring, nemelex_spade_bored_becter,
          mainiacjoe_overflow_catch_the_wave, minmay_temple_entry_junction,
          serial_demonic, serial_demonic_a, serial_demonic_d, serial_demonic_d,
          serial_demonic_c, serial_demonic_g, serial_demonic_g,
          cheibrodos_sewer_entry_sluice
Temple:   oiseaux_autumnal_temple

Skill      XL: |  1  2  3  4  5  6  7  8 |
---------------+-------------------------+-----
Armour         | 4 5 6 |  6.2
Shields        | 4 5 6 |  6.2
Fighting       | 4 5 6 |  6.2
Maces & Flails | 3 4 5 |  5.2

Action                     |  1- 3 |  4- 6 |  7- 9 || total
---------------------------+-------+-------+-------++-------
  Melee: Flail             |   189 |   245 |   261 ||   695
    Use: Scroll            |       |       |    12 ||    12
 Armour: Scale mail        |   159 |   258 |   273 ||   690
  Dodge: Dodged            |   107 |   123 |   162 ||   392
  Block: Buckler           |    40 |    40 |    98 ||   178

Table legend: (Time is in decaauts)
 A = Elapsed time spent in this place.
 B = Non-inter-level travel time spent in this place.
 C = Inter-level travel time spent in this place.
 D = Time resting spent in this place.
 E = Time spent auto-exploring this place.
 F = Levels seen in this place.
 G = Mean time per level.
                   A        B        C        D        E       F      G
               +--------+--------+--------+--------+--------+-----+--------+
         Total |   5998 |   5744 |    254 |   1023 |   3093 |   7 |  856.9 |
       Dungeon |   5710 |   5510 |    200 |    911 |   3093 |   5 | 1142.0 |
        Temple |     56 |      2 |     54 |      0 |      0 |   1 |   56.0 |
         Sewer |    230 |    230 |      0 |    112 |      0 |   1 |  230.0 |
               +--------+--------+--------+--------+--------+-----+--------+

Top non-repeatable levels by time:
     D:4: 1582 daAuts
     D:3: 1575 daAuts
     D:1: 1026 daAuts
     D:5: 787 daAuts
     D:2: 739 daAuts
   Sewer: 230 daAuts
  Temple: 56 daAuts
